 Dungeon Crawl Stone Soup version 0.30-a0-709-gcdc1b43e22 (webtiles) character file.

Game seed: 13397902260759992704

10786 M4edhros the Nimble (level 11, -11/75 HPs)
             Began as an Octopode Artificer on Jan 22, 2023.
             Was an Elder of Cheibriados.
             Mangled by a boulder beetle (16 damage)
             ... on level 13 of the Dungeon.
             The game lasted 00:26:24 (5775 turns).

M4edhros the Nimble (Octopode Artificer)            Turns: 5775, Time: 00:26:24

Health: -11/75     AC:  2    Str: 21    XL:     11   Next: 67%
Magic:  11/11      EV: 11    Int: 24    God:    Cheibriados [****..]
Gold:   813        SH: 14    Dex: 27    Spells: 5/10 levels left

rFire   . . .      SeeInvis .    J - +1 flail (protect)
rCold   . . .      Faith    .    n - +0 kite shield
rNeg    . . .      Spirit   .    y - +1 hat
rPois   .          Reflect  .    (no amulet)
rElec   .          Harm     .    B - ring of resist corrosion
rCorr   +          Rampage  .    K - ring of wizardry
Will    .....                    (no ring)
Stlth   ++++                     (no ring)
HPRegen 0.32/turn                (no ring)
MPRegen 0.12/turn                (no ring)
                                 (no ring)
                                 (no ring)

@: about to teleport, petrifying, very slow
A: almost no armour, amphibious, 8 rings, camouflage 1, gelatinous body 1,
(nimble swimmer 1), tentacles
a: Renounce Religion, Bend Time, Temporal Distortion, Slouch


You were on level 13 of the Dungeon.
You worshipped Cheibriados.
Cheibriados was greatly pleased with you.
You visited 2 branches of the dungeon, and saw 14 of its levels.
You also visited: Sewer, Ossuary and Bailey.

You collected 813 gold pieces.

Inventory:

Hand Weapons
 a - a +2 mace of protection
 J - a +1 flail of protection (weapon)
Missiles
 b - 3 throwing nets
 j - 36 poisoned darts (quivered)
 G - 6 silver boomerangs
 S - a curare-tipped dart
Armour
 n - a +0 kite shield (worn)
 t - an orb of energy
 y - a +1 hat (worn)
 E - a +0 buckler
 Q - an orb of guile
Magical Staves
 R - a staff of cold
Jewellery
 B - a ring of resist corrosion (left tentacle)
 K - a ring of wizardry (right tentacle)
 M - a ring of ice
Wands
 d - a wand of iceblast (15)
 F - a wand of light (4)
 H - a wand of digging (7)
 N - a wand of polymorph (9)
Scrolls
 h - 6 scrolls of amnesia
 i - 2 scrolls of fog
 k - 6 scrolls of teleportation
 m - 3 scrolls of noise
 o - a scroll of poison {unknown}
 q - 2 scrolls of enchant weapon {unknown}
 r - 2 scrolls of magic mapping {unknown}
 u - a scroll of immolation {unknown}
 v - 4 scrolls of vulnerability
 w - 2 scrolls of fear {unknown}
 A - a scroll of acquirement {unknown}
 D - 2 scrolls of blinking {unknown}
 L - a scroll of silence {unknown}
Potions
 e - 4 potions of brilliance
 g - 2 potions of lignification {unknown}
 l - 6 potions of curing
 p - 2 potions of berserk rage {unknown}
 s - 4 potions of attraction
 x - 2 potions of invisibility
 z - a potion of mutation {unknown}
 C - 2 potions of might
 I - 3 potions of resistance
 O - a potion of cancellation {unknown}
Miscellaneous
 f - a lightning rod (4/4)


   Skills:
 - Level 7.0 Fighting
 - Level 9.0 Maces & Flails
 - Level 10.0 Dodging
 - Level 1.3 Stealth
 + Level 9.4 Shields
 - Level 4.5 Transmutations
 - Level 3.2 Evocations


You had 5 spell levels left.
You knew the following spells:

 Your Spells              Type           Power      Damage    Failure   Level
a - Wereblood             Tmut           21%        N/A       3%          2
b - Spider Form           Tmut/Pois      10%        N/A       16%         3

Your spell library contained the following spells:

 Spells                   Type           Power      Damage    Failure   Level
 Beastly Appendage        Tmut           42%        N/A       2%          1
 Dazzling Flash           Conj/Hex       0%         N/A       36%         3
 Agony                    Necr           0%         N/A       97%         5
 Silence                  Hex/Air        0%         N/A       97%         5


Dungeon Overview and Level Annotations

Branches:
Dungeon (13/15)            Temple (1/1) D:6           Sewer (visited)
Ossuary (visited)          Bailey (visited)
   Lair: D:8-11         Orc: D:9-12      Vaults: D:13-14

Altars:
Ashenzari
Cheibriados
Dithmenos
Elyvilon
Fedhas
Gozag
Hepliaklqana
Kikubaaqudgha
Makhleb
Nemelex Xobeh
Okawaru
Qazlal
Sif Muna
Uskayaw
Vehumet
Wu Jian
Xom
Yredelemnul
Zin
The Shining One


Innate Abilities, Weirdness & Mutations

You cannot wear most types of armour.
You are amphibious.
You can wear up to eight rings at the same time.
Your skin changes colour to match your surroundings (Stealth+).
Your rubbery body absorbs attacks. (AC +1, EV +1)
((You are camouflaged when in or above water. (Stealth+)))
You have tentacles for arms and can constrict up to eight enemies at once.


Message History

The boulder beetle curls into a ball and begins rolling!
The basilisk gazes at you. You resist with some effort.
The two-headed ogre completely misses you.
The two-headed ogre misses you.
Aiming: Charm
Press: ? - help, Shift-Dir - straight line, f/p - two-headed ogre
Aim: a two-headed ogre, wielding two +0 giant spiked clubs (chance to affect: 39%)
The two-headed ogre resists with some effort.
The now-empty wand crumbles to dust.
The basilisk gazes at you. You resist with some effort.
You block the two-headed ogre's attack.
The two-headed ogre hits you with a +0 giant spiked club!!
Aiming: Iceblast
Press: ? - help, Shift-Dir - straight line, f/p - two-headed ogre
Aim: a two-headed ogre, wielding two +0 giant spiked clubs
Okay, then.
Unknown command.
Aiming: Iceblast
Press: ? - help, Shift-Dir - straight line, f/p - two-headed ogre
Aim: a two-headed ogre, wielding two +0 giant spiked clubs
Okay, then.
Okay, then.
Unknown command.
Okay, then.
Okay, then.
As you read the scroll of teleportation, it crumbles to dust.
You feel strangely unstable. The basilisk gazes at you.
You are slowing down.
You block the boulder beetle's attack.
The boulder beetle stops rolling and uncurls.
The basilisk gazes at you. You resist with some effort.
The two-headed ogre hits you with a +0 giant spiked club!!
* * * LOW HITPOINT WARNING * * *
The two-headed ogre hits you with a +0 giant spiked club!
* * * LOW HITPOINT WARNING * * *
The boulder beetle bites you!!
You die...

.. .... .. ... # .#..#
#.####.#..##B
###............
...)........# #..#°.#
#########O.°..##.
#.......@B○......
#####.###.....##.
#.............#
#.##.###......#
#)##.###......###......#
#.#..........l..........
##.##....................
#.......................#
##.##..##........ ......


You could see a boulder beetle, a two-headed ogre and a basilisk.

Vanquished Creatures
  2 two-headed ogres
  An ugly thing (D:12)
  A cyclops (D:11)
  An unseen horror (D:11)
  3 kobold demonologists
  A hornet (D:7)
  A troll (D:9)
  Sigmund (D:2)
  A wyvern (D:10)
  8 yaks
  A wraith (D:11)
  4 vampire mosquitoes (D:12)
  A steam dragon (D:7)
  Menkaure (Ossuary)
  An acid dragon (D:10)
  Pargi (Sewer)
  2 ice beasts
  9 orc warriors
  2 sky beasts
  2 ogres
  3 centaurs
  5 kobold brigands
  3 bullfrogs
  3 gnoll sergeants
  A necrophage (D:8)
  A scorpion (D:4)
  3 wights (D:8)
  11 killer bees
  10 howler monkeys
  2 hounds (D:7)
  2 jellies
  4 centaur zombies (Ossuary)
  3 orc priests
  2 human zombies (Ossuary)
  2 iguanas
  3 orc wizards
  An ogre zombie (Ossuary)
  6 mummies (Ossuary)
  16 gnolls
  6 adders
  A shadow imp (D:7)
  2 white imps (D:8)
  An ufetubus (D:6)
  4 adder zombies (Ossuary)
  2 dart slugs
  2 worms (D:2)
  30 orcs
  2 bats
  7 endoplasms
  4 giant cockroaches
  3 hobgoblins
  3 quokkas
  5 ball pythons
  3 frilled lizards
  A gnoll zombie (Ossuary)
  6 goblins
  A goblin zombie (Ossuary)
  7 hobgoblin zombies (Ossuary)
  21 kobolds
  A kobold zombie (Ossuary)
  An orc zombie (Ossuary)
  3 quokka zombies (Ossuary)
  A rat (D:3)
  5 rat zombies (Ossuary)
247 creatures vanquished.

Vanquished Creatures (collateral kills)
  4 orc warriors (Bailey)
  A gnoll sergeant (D:9)
  2 gnolls (D:10)
  An adder (D:3)
  3 orcs (Bailey)
  A giant cockroach (D:3)
12 creatures vanquished.

Vanquished Creatures (others)
  A centaur (D:10)
  An adder (D:3)
  A giant cockroach (D:3)
3 creatures vanquished.

Grand Total: 262 creatures vanquished

Notes
Turn   | Place    | Note
-------+----------+-------------------------------------------
     0 | D:1      | M4edhros the Octopode Artificer began the quest for the
                  | Orb.
     0 | D:1      | Reached XP level 1. HP: 13/13 MP: 1/1
   138 | D:2      | Reached skill level 1 in Maces & Flails
   142 | D:2      | Reached XP level 2. HP: 13/18 MP: 2/2
   164 | D:2      | Noticed Sigmund
   285 | D:3      | Found a broken altar of Ashenzari.
   378 | D:3      | Found a glowing drain.
   397 | D:3      | Reached XP level 3. HP: 17/23 MP: 3/3
   444 | Sewer    | Entered a sewer
   456 | Sewer    | Noticed Pargi
   461 | Sewer    | Killed Pargi
   462 | Sewer    | Reached XP level 4. HP: 18/28 MP: 4/4
   462 | Sewer    | Reached XP level 5. HP: 21/33 MP: 5/5
   605 | D:4      | Learned a level 2 spell: Wereblood
   610 | D:4      | Noticed an ogre
   615 | D:4      | Killed an ogre
   616 | D:4      | Reached skill level 5 in Maces & Flails
   616 | D:4      | Reached skill level 1 in Transmutations
   616 | D:4      | Reached XP level 6. HP: 38/38 MP: 6/6
   808 | D:4      | Noticed an ice beast
   825 | D:4      | Killed an ice beast
   826 | D:4      | Reached XP level 7. HP: 7/43 MP: 7/7
   883 | D:5      | Entered Level 5 of the Dungeon
   924 | D:5      | Found a hide-covered altar of Uskayaw.
  1030 | D:5      | Found a sand-covered staircase.
  1036 | Ossuary  | Entered an ossuary
  1316 | Ossuary  | Reached skill level 3 in Dodging
  1316 | Ossuary  | Reached XP level 8. HP: 36/48 MP: 8/8
  1393 | Ossuary  | Noticed Menkaure
  1401 | Ossuary  | Killed Menkaure
  1402 | Ossuary  | Reached skill level 4 in Dodging
  1778 | D:5      | Found a sparkling altar of Nemelex Xobeh.
  1822 | D:5      | Reached skill level 5 in Dodging
  2047 | D:6      | Reached skill level 6 in Dodging
  2300 | D:7      | Reached skill level 7 in Dodging
  2374 | D:6      | Found a staircase to the Ecumenical Temple.
  2393 | Temple   | Entered the Ecumenical Temple
  2400 | Temple   | Became a worshipper of Cheibriados the Contemplative
  2662 | D:3      | Reached skill level 1 in Shields
  2769 | D:2      | Reached * piety under Cheibriados
  2965 | D:1      | Found a faded altar of an unknown god.
  3081 | D:2      | Killed Sigmund
  3082 | D:2      | Reached XP level 9. HP: 53/53 MP: 9/9
  3438 | D:7      | Noticed a hornet
  3446 | D:7      | Killed a hornet
  3455 | D:7      | Reached skill level 5 in Shields
  3725 | D:8      | Reached ** piety under Cheibriados
  3827 | D:8      | Noticed a two-headed ogre
  3834 | D:8      | Found a shimmering blue altar of Sif Muna.
  3845 | D:8      | Killed a two-headed ogre
  3846 | D:8      | Reached XP level 10. HP: 32/69 MP: 10/10
  3882 | D:8      | Learned a level 3 spell: Spider Form
  4031 | D:7      | Found a radiant altar of Vehumet.
  4173 | D:9      | Reached *** piety under Cheibriados
  4393 | D:10     | Entered Level 10 of the Dungeon
  4515 | D:10     | Reached skill level 8 in Dodging
  4559 | D:10     | Noticed a kobold demonologist
  4567 | D:10     | Killed a kobold demonologist
  4724 | D:10     | Found a flagged portal.
  4733 | Bailey   | Entered a bailey
  4759 | Bailey   | Reached skill level 9 in Dodging
  4801 | Bailey   | Reached **** piety under Cheibriados
  4891 | Bailey   | Reached XP level 11. HP: 75/75 MP: 11/11
  4954 | Bailey   | Found the +15 Maxwell's patent armour {-Cast -Tele rElec
                  | Will+ rCorr}
  4959 | Bailey   | Identified the -2 pair of gloves of Card Tricks {+Inv rF-
                  | Slay+3}
  5120 | D:11     | Reached skill level 10 in Dodging
  5143 | D:11     | Noticed a cyclops
  5154 | D:11     | Killed a cyclops
  5260 | D:12     | Noticed a purple ugly thing
  5267 | D:12     | Killed a purple ugly thing
  5309 | D:12     | Noticed a sun demon
  5501 | D:11     | Noticed a two-headed ogre
  5513 | D:11     | Killed a two-headed ogre
  5692 | D:13     | Noticed a four-headed hydra
  5692 | D:13     | Noticed a cyclops
  5766 | D:13     | Noticed a two-headed ogre
  5769 | D:13     | Noticed a boulder beetle
  5775 | D:13     | Mangled by a boulder beetle

Illustrated notes

Levels and vault maps discovered:
D:1:      lemuel_arrival_river_ford, layout_rooms,
          shapermc_ecumenical_altar_flowoftime
D:2:      layout_basic, minmay_tetromino_i4, uniq_sigmund
D:3:      kennysheep_goblin_castle, layout_loops_ring, ashenzari_altar_1,
          gup_sewer_entry_glass
D:4:      layout_rooms
D:5:      layout_gridville, nemelex_diamond_rough_becter,
          mainiacjoe_overflow_boulevard, lightli_ossuary_entry_decrepit_ruins,
          serial_glass, glass_columns_b, glass_columns_b
D:6:      layout_loops_ring, temple_fountains, nrook_loot_triangle
D:7:      layout_gridville, mainiacjoe_overflow_concentric_impassable
D:8:      layout_cave_pools, led_sif_pool, minmay_fractal_squares_diagonal_5
D:9:      layout_long_grid, nicolae_ru_path_of_blood,
          mainiacjoe_overflow_cross_hatched, minmay_lair_entry_lava,
          david_orc_4, gammafunk_ghost_berserking_beasts, minmay_between
D:10:     layout_cave_pools, enter_bailey_2
D:11:     layout_loops_cross
D:12:     layout_loops_ring
D:13:     layout_basic, david_vaults_5, serial_corexii_hall,
          corexii_hall_statues_l, corexii_hall_statues_s, minmay_misc_feat_tiny
Temple:   nicolae_temple_no_exploring_needed

Skill      XL: |  1  2  3  4  5  6  7  8  9 10 11 |
---------------+----------------------------------+-----
Maces & Flails | 1 2 4 5 6 7 9 |  9.0
Transmutations | 1 3 4 |  4.5
Dodging        | 3 7 9 10 | 10.0
Shields        | 3 6 9 |  9.4
Fighting       | 6 7 |  7.0
Stealth        | |  1.3
Evocations     | |  3.2

Action                     |  1- 3 |  4- 6 |  7- 9 | 10-12 || total
---------------------------+-------+-------+-------+-------++-------
  Melee: Mace              |    35 |    27 |   299 |       ||   361
         Constrict         |     9 |     6 |    66 |    60 ||   141
         Tentacles         |     5 |     9 |    90 |    84 ||   188
         Punch             |     1 |       |     8 |     9 ||    18
         Flail             |       |       |    10 |   255 ||   265
  Throw: Dart              |       |       |       |    19 ||    19
   Cast: Wereblood         |       |       |     3 |       ||     3
 Invoke: Slouch            |       |       |       |     1 ||     1
  Evoke: Wand              |     5 |     9 |    10 |    14 ||    38
         Lightning rod     |     3 |     4 |     9 |     2 ||    18
    Use: Potion            |     2 |       |       |     5 ||     7
         Scroll            |       |       |       |    13 ||    13
   Stab: Sleeping          |     3 |     6 |    21 |     1 ||    31
         Betrayed ally     |     1 |       |       |       ||     1
 Armour: Skin              |     8 |     9 |    59 |    48 ||   124
  Dodge: Dodged            |    25 |     8 |   188 |   228 ||   449
  Block: Buckler           |       |       |    34 |    58 ||    92
         Kite shield       |       |       |       |    76 ||    76

Table legend: (Time is in decaauts)
 A = Elapsed time spent in this place.
 B = Non-inter-level travel time spent in this place.
 C = Inter-level travel time spent in this place.
 D = Time resting spent in this place.
 E = Time spent auto-exploring this place.
 F = Levels seen in this place.
 G = Mean time per level.
                   A        B        C        D        E       F      G
               +--------+--------+--------+--------+--------+-----+--------+
         Total |   7228 |   6623 |    605 |      2 |    453 |  17 |  425.2 |
       Dungeon |   6085 |   5489 |    596 |      2 |     61 |  13 |  468.1 |
        Temple |     16 |      8 |      8 |      0 |      0 |   1 |   16.0 |
         Sewer |    119 |    119 |      0 |      0 |     31 |   1 |  119.0 |
       Ossuary |    595 |    595 |      0 |      0 |    361 |   1 |  595.0 |
        Bailey |    411 |    411 |      0 |      0 |      0 |   1 |  411.0 |
               +--------+--------+--------+--------+--------+-----+--------+

Top non-repeatable levels by time:
    D:12: 645 daAuts
     D:2: 624 daAuts
 Ossuary: 595 daAuts
     D:6: 580 daAuts
     D:7: 577 daAuts
    D:10: 529 daAuts
     D:5: 484 daAuts
     D:3: 460 daAuts
     D:8: 451 daAuts
     D:9: 438 daAuts
     D:1: 437 daAuts
  Bailey: 411 daAuts
    D:11: 408 daAuts
     D:4: 309 daAuts
    D:13: 138 daAuts
